 Dungeon Crawl Stone Soup version 0.30-a0-40-gc6d0f036a7 (webtiles) character file.

Game seed: 14294415810314413900

52 ytrimaz the Insei (level 3, 0/23 HPs)
             Began as an Octopode Transmuter on Aug 29, 2022.
             Slain by a hobgoblin (4 damage)
             ... on level 2 of the Dungeon.
             The game lasted 00:01:24 (2176 turns).

ytrimaz the Insei (Octopode Transmuter)             Turns: 2176, Time: 00:01:24

Health: 0/23       AC:  1    Str:  9    XL:     3   Next: 85%
Magic:  2/6        EV: 13    Int: 17    God:
Gold:   27         SH:  0    Dex: 12    Spells: 0/6 levels left

rFire   + . .      SeeInvis .      - Unarmed
rCold   + . .      Faith    .    (no shield)
rNeg    . . .      Spirit   .    (helmet currently unavailable)
rPois   +          Reflect  .    (no amulet)
rElec   +          Harm     .    (no ring)
rCorr   +          Rampage  .    (no ring)
Will    .....                    (no ring)
Stlth   ++........               (no ring)
HPRegen 0.07/turn                (no ring)
MPRegen 0.10/turn                (no ring)
                                 (no ring)
                                 (no ring)

@: lethally poisoned (0 -> -3), appendages (expiring), resistant, very slightly
contaminated
A: tentacle spike 3, almost no armour, amphibious, 8 rings, camouflage 1,
gelatinous body 1, (nimble swimmer 1), tentacles
a: End Transformation


You were on level 2 of the Dungeon.
One of your tentacles had grown a beastly spike.
You visited 1 branch of the dungeon, and saw 2 of its levels.

You collected 27 gold pieces.

Inventory:

Scrolls
 a - a scroll of identify
 b - a scroll of summoning {unknown}
 c - a scroll of enchant armour


   Skills:
 - Level 1.0 Fighting
 - Level 2.0 Dodging
 - Level 4.1 Unarmed Combat
 + Level 2.2 Spellcasting
 + Level 2.1 Transmutations
 * Level 1.3 Poison Magic


You couldn't memorise any spells.
You knew the following spells:

 Your Spells              Type           Power      Damage    Failure   Level
a - Beastly Appendage     Tmut           18%        N/A       8%          1
b - Wereblood             Tmut           9%         N/A       12%         2
c - Spider Form           Tmut/Pois      7%         N/A       28%         3

Your spell library contained the following spells:

 Spells                   Type           Power      Damage    Failure   Level
 Ice Form                 Ice/Tmut       5%         N/A       77%         4


Dungeon Overview and Level Annotations

Branches:
Dungeon (2/15)

Altars:


Innate Abilities, Weirdness & Mutations

One of your tentacles has grown a beastly spike.
You cannot wear most types of armour.
You are amphibious.
You can wear up to eight rings at the same time.
Your skin changes colour to match your surroundings (Stealth+).
Your rubbery body absorbs attacks. (AC +1, EV +1)
((You are camouflaged when in or above water. (Stealth+)))
You have tentacles for arms and can constrict up to eight enemies at once.


Message History

The adder bites you.
You are poisoned.
The adder poisons you!
You closely miss the adder. You grab the adder. You constrict the adder.
You feel sick. The adder bites you.
One of your tentacles grows a vicious spike.
You constrict the adder.
You feel sick. The adder bites you but does no damage.
You release your grip on the adder.
Your transformation is almost over.
You feel sick. The adder bites you.
You are more poisoned.
The adder poisons you!
You barely miss the adder. Your grab misses the adder.
You pierce the adder, but do no damage.
The adder is moderately wounded.
You feel sick. The hobgoblin hits you. The adder barely misses you.
Unknown command.
You are too injured to fight recklessly!
You are too injured to fight recklessly!
You tentacle-slap the adder but do no damage.
Your grab misses the adder. Your squeeze misses the adder.
The adder is moderately wounded.
You feel sick. The hobgoblin hits you. The adder bites you but does no damage.
Unknown command.
You are too injured to fight recklessly!
It was a potion of resistance.
You feel protected.
You feel sick. The adder closely misses you. The hobgoblin hits you.
* * * LOW HITPOINT WARNING * * *
Unknown command.
Casting: Beastly Appendage (safe; 8% risk of failure)
Confirm with . or Enter, or press ? or * to list all spells.
The spell is extremely dangerous to miscast (28% risk of failure)!
Continue anyway?
You miscast Spider Form.
You are very lightly contaminated with residual magic.
Multicoloured lights dance before your eyes.
You feel sick. The adder bites you.
* * * LOW HITPOINT WARNING * * *
The hobgoblin hits you.
You die...

.# ... g.###..
..##.# ...#.#
##..#.## ##..##..##
#.###g..##...######
#....@S............
####.##.###)#######
#. #.# #)# #. #.#
#.# #.##.###.#
#.#...##.#
#........#
###...####
##.###########


You could see an adder and a hobgoblin.

Vanquished Creatures
  An adder (D:2)
  2 dart slugs (D:1)
  3 ball pythons (D:2)
  2 endoplasms (D:1)
  A giant cockroach (D:1)
  3 goblins
  3 hobgoblins (D:1)
  4 jackals (D:1)
  4 quokkas
  2 bats (D:1)
  A frilled lizard (D:1)
  5 kobolds
  5 rats
36 creatures vanquished.

Notes
Turn   | Place    | Note
-------+----------+-------------------------------------------
     0 | D:1      | ytrimaz the Octopode Transmuter began the quest for the
                  | Orb.
     0 | D:1      | Reached XP level 1. HP: 13/13 MP: 3/3
   388 | D:1      | Reached XP level 2. HP: 18/18 MP: 5/5
   491 | D:1      | Found a faded altar of an unknown god.
   509 | D:1      | Reached skill level 4 in Unarmed Combat
   754 | D:1      | Reached XP level 3. HP: 23/23 MP: 4/6
   762 | D:1      | Learned a level 2 spell: Wereblood
   766 | D:1      | Learned a level 3 spell: Spider Form
  1959 | D:2      | Reached skill level 1 in Poison Magic
  2176 | D:2      | Slain by a hobgoblin

Illustrated notes

Levels and vault maps discovered:
D:1:      dpeg_arrival_arbitrary_a, layout_basic,
          hellmonk_ecumenical_altar_dog_temple
D:2:      minmay_angry_zag, layout_loops_ring, dreamdust_princess_corridor,
          minmay_cupped

Skill      XL: |  1  2  3 |
---------------+----------+-----
Unarmed Combat | 4 |  4.1
Poison Magic   | 1 |  1.3
Fighting       | |  1.0
Dodging        | |  2.0
Spellcasting   | |  2.2
Transmutations | |  2.1

Action                   || total
-------------------------++-------
Melee: Unarmed           ||    83
       Constrict         ||    20
       Tentacles         ||     9
       Kick              ||    15
       Punch             ||     1
 Cast: Beastly Appendage ||    12
  Use: Potion            ||     2
       Scroll            ||     6
 Stab: Sleeping          ||     5
Armor: Skin              ||    21
Dodge: Dodged            ||    55

Table legend: (Time is in decaauts)
 A = Elapsed time spent in this place.
 B = Non-inter-level travel time spent in this place.
 C = Inter-level travel time spent in this place.
 D = Time resting spent in this place.
 E = Time spent auto-exploring this place.
 F = Levels seen in this place.
 G = Mean time per level.
                   A        B        C        D        E       F      G
               +--------+--------+--------+--------+--------+-----+--------+
         Total |   2170 |   2128 |     42 |    306 |   1580 |   2 | 1085.0 |
       Dungeon |   2170 |   2128 |     42 |    306 |   1580 |   2 | 1085.0 |
               +--------+--------+--------+--------+--------+-----+--------+

Top non-repeatable levels by time:
     D:1: 1657 daAuts
     D:2: 512 daAuts
